 Dungeon Crawl Stone Soup version 0.21-a0-621-gc60411f (webtiles) character file.

63 slep the Slasher (level 4, 0/34 HPs)
             Began as a Formicid Gladiator on Dec 24, 2017.
             Was an Initiate of Okawaru.
             Slain by a sky beast (2 damage)
             ... on level 3 of the Dungeon.
             The game lasted 00:07:37 (1699 turns).

slep the Slasher (Formicid Gladiator)               Turns: 1699, Time: 00:07:38

Health: 0/34       AC:  3    Str: 18    XL:     4   Next: 31%
Magic:  4/4        EV: 13    Int:  8    God:    Okawaru [......]
Gold:   169        SH:  0    Dex: 13    Spells: 3/3 levels left

rFire    . . .     SeeInvis +   a - +0 long sword
rCold    . . .     Gourm    .   (no shield)
rNeg     . . .     Faith    .   b - +0 leather armour
rPois    .         Spirit   .   (helmet unavailable)
rElec    .         Reflect  .   (no cloak)
rCorr    .         Harm     .   (no gloves)
MR       .....                  (no boots)
Stlth    ++........             o - amulet of inaccuracy (curse)
HPRegen  0.11/turn              i - ring of stealth
MPRegen  0.09/turn              (no ring)

@: no status effects
A: permanent stasis, dig shafts and tunnels, four strong arms, antennae 3
a: Dig, Shaft Self, Renounce Religion


You were on level 3 of the Dungeon.
You worshipped Okawaru.
Okawaru was noncommittal.
You were not hungry.

You visited 1 branch of the dungeon, and saw 3 of its levels.

You collected 169 gold pieces.

Inventory:

Hand Weapons
 a - a +0 long sword (weapon)
Missiles
 c - 3 throwing nets
 e - 8 poisoned needles
 g - 5 tomahawks of returning (quivered)
 n - 23 sling bullets
Armour
 b - a +0 leather armour (worn)
Jewellery
 i - a ring of stealth (left hand)
 o - a cursed amulet of inaccuracy (around neck)
 s - an uncursed amulet of guardian spirit {unknown}
Scrolls
 f - a scroll of remove curse {unknown}
 k - 2 scrolls of magic mapping {unknown}
 m - 2 scrolls of teleportation {unknown}
 p - a scroll of noise {unknown}
 u - a scroll of identify {unknown}
Potions
 h - 2 potions of agility {unknown}
 j - 2 potions of curing {unknown}
 l - 3 potions of heal wounds {unknown}
 q - a potion of flight {unknown}
 r - a potion of haste {unknown}
 t - a potion of brilliance {unknown}
Comestibles
 d - 6 rations


   Skills:
 + Level 2.7 Fighting
 + Level 3.8 Long Blades
 + Level 2.0 Throwing
 + Level 1.1 Armour
 + Level 3.2 Dodging
 + Level 0.7 Stealth


You had 3 spell levels left.
You didn't know any spells.

Dungeon Overview and Level Annotations

Branches:
Dungeon (3/15)

Altars:
Okawaru


Innate Abilities, Weirdness & Mutations

You cannot be hasted, slowed, berserked, paralysed or teleported.
You can dig through walls and to a lower floor.
Your four strong arms can wield two-handed weapons with a shield.
You have a pair of large antennae on your head. (SInv)


Message History

The sky beast is moderately wounded.
The sky beast closely misses you.
You riposte.
You miss the sky beast.
The sky beast is moderately wounded.
You slash the sky beast!
The sky beast is heavily wounded.
The sky beast hits you. The sky beast shocks you.
You barely miss the sky beast.
The sky beast is heavily wounded.
The sky beast barely misses you.
You riposte.
You miss the sky beast.
The sky beast is heavily wounded.
You completely miss the sky beast.
The sky beast is heavily wounded.
The sky beast hits you.
* * * LOW HITPOINT WARNING * * *
The sky beast shocks you.
* * * LOW HITPOINT WARNING * * *
You barely miss the sky beast.
The sky beast is heavily wounded.
The sky beast hits you.
You die...

..## #. ### ...# #. ..
.#.# #.# ##.# ##.# #..##
#..# ##.### #..###.#
#..†# #..##.# ###.###
##....# #
####...#####..######...##
..........(...wY@...>....
##########.#..########..
#.#..........#
#......w.....#..
#..##....%.....#
#.###.........# #.#
#.........#
#............##
#.####.......#


You could see a sky beast and a worm.

Vanquished Creatures
  2 adders
  2 worms (D:2)
  2 dart slugs
  4 bats
  3 giant cockroaches
  A hobgoblin (D:2)
  6 jackals (D:2)
  2 frilled lizards
  8 goblins
  A jackal zombie (D:2)
  4 rats
35 creatures vanquished.

Notes
Turn   | Place    | Note
-------+----------+-------------------------------------------
     0 | D:1      | slep the Formicid Gladiator began the quest for the Orb.
     0 | D:1      | Reached XP level 1. HP: 16/16 MP: 1/1
   217 | D:1      | Reached XP level 2. HP: 23/23 MP: 2/2
   681 | D:2      | Found an iron altar of Okawaru.
   687 | D:2      | Became a worshipper of Warmaster Okawaru
   697 | D:2      | Reached XP level 3. HP: 6/28 MP: 3/3
  1416 | D:3      | Reached XP level 4. HP: 15/34 MP: 4/4
  1621 | D:3      | Reached skill level 1 in Armour
  1677 | D:3      | Noticed a sky beast
  1699 | D:3      | Slain by a sky beast

Vault maps used:
D:1:      lightli_arrival_isolated_outpost, minmay_box_of_dots
D:2:      minivault_5, okawaru_gym_becter
D:3:      minmay_goblin_kobold_house

Skill      XL: |  1  2  3  4 |
---------------+-------------+-----
Dodging        | 3 |  3.2
Armour         | 1 |  1.1
Fighting       | |  2.7
Long Blades    | |  3.8
Throwing       | |  2.0
Stealth        | |  0.7

Action                   |  1- 3 |  4- 6 || total
-------------------------+-------+-------++-------
Melee: Long sword        |    90 |    21 ||   111
Throw: Tomahawk          |     3 |       ||     3
  Use: Potion            |     1 |       ||     1
 Stab: Sleeping          |     5 |     2 ||     7
  Eat: Chunk             |     1 |     2 ||     3
Armor: Leather armour    |    26 |       ||    26
Dodge: Dodged            |    78 |    12 ||    90
       Rpst.: Long sword |    25 |     7 ||    32

Table legend:
 A = Spawn XP
 B = Non-spawn XP
 C = Spawn XP percentage of total XP
 D = Spawn monster count
 E = Non-spawn monster count
 F = Spawn count percentage of total count
 G = Total turns spent on level
                    A         B        C        D         E        F      G
               +---------+---------+-------+---------+---------+-------+---------
         Total |       0 |      91 |   0.0 |       0 |      35 |   0.0 |  1699
               +---------+---------+-------+---------+---------+-------+---------
           D:1 |       0 |      19 |   0.0 |       0 |      11 |   0.0 |   681
           D:2 |       0 |      46 |   0.0 |       0 |      17 |   0.0 |   727
           D:3 |       0 |      26 |   0.0 |       0 |       7 |   0.0 |   291
               +---------+---------+-------+---------+---------+-------+---------
